 Dungeon Crawl Stone Soup version 0.32-a0-705-g60f2335 (webtiles) character file.

Game seed: 3085941610999301200

84291 Dwayden the Summoner (level 15, -18/132 HPs)
             Began as a Mountain Dwarf Summoner on Mar 14, 2024.
             Was a High Priest of Sif Muna.
             Demolished by an orc knight
             ... wielding a +1 battleaxe
              (22 damage)
             ... on level 2 of the Orcish Mines.
             The game lasted 02:04:15 (30620 turns).

Dwayden the Summoner (Mountain Dwarf Summoner)     Turns: 30620, Time: 02:04:15

Health: -18/132    AC: 13    Str: 23    XL:     15   Next: 34%
Magic:  3/29       EV: 11    Int: 28    God:    Sif Muna [*****.]
Gold:   1723       SH:  0    Dex: 10    Spells: 5/34 levels left

rFire   + + +        a - +5 spear of Weegeol {freeze, rElec rF+ Str+3}
rCold   + . .        (no shield)
rNeg    . . .        K - +3 leather armour {rF+}
rPois   +            O - +0 helmet {Int+3}
rElec   +            l - +1 cloak {rF+}
rCorr   +            E - +0 pair of gloves
SInv    +            v - +1 pair of boots "Raod" {rC+ Will+ Int-3 Stlth+}
Will    +++++        d - amulet of magic regeneration
Stlth   ++           S - ring "Laocont" {rPois rCorr Str+5 SInv}
HPRegen 0.42/turn    Z - ring of Uvast {Will+++ Str+3 Int+6}
MPRegen 0.61/turn

%: no passive effects
@: forested, very slightly contaminated
A: runic magic, artefact enchanting
a: Renounce Religion, Channel Magic, Forget Spell, Divine Exegesis


You were on level 2 of the Orcish Mines.
You worshipped Sif Muna.
Sif Muna was extremely pleased with you.
You visited 4 branches of the dungeon, and saw 22 of its levels.
You also visited: Ice Cave and Volcano.

You collected 2586 gold pieces.
You spent 863 gold pieces at shops.

Inventory:

Hand Weapons
 a - the +5 spear of Weegeol (weapon) {freeze, rElec rF+ Str+3}
   (You took it off a spriggan on level 13 of the Dungeon)

   Str+3:     It affects your strength (+3).
   rF+:       It protects you from fire.
   rElec:     It insulates you from electricity.
 b - the +5 long sword of Corruption {heavy, Int+4 Dex+3}
   (You found it on level 5 of the Dungeon)

   Int+4:     It affects your intelligence (+4).
   Dex+3:     It affects your dexterity (+3).
Missiles
 W - 9 boomerangs
 Y - 2 throwing nets {!f}
Armour
 l - a +1 cloak of fire resistance (worn)
 v - the +1 pair of boots "Raod" (worn) {rC+ Will+ Int-3 Stlth+}
   (You acquired it on level 13 of the Dungeon)

   Int-3:     It affects your intelligence (-3).
   rC+:       It protects you from cold.
   Will+:     It increases your willpower.
   Stlth+:    It makes you more stealthy.
 E - a +0 pair of gloves (worn)
 J - a +2 pair of boots
 K - a +3 leather armour of fire resistance (worn)
 O - a +0 helmet of intelligence (worn)
 P - a +2 helmet
Jewellery
 d - an amulet of magic regeneration (around neck)
 e - an amulet of reflection
 u - a ring of wizardry
 M - a ring of positive energy
 R - the ring "Iwoawyst" {rC+ Int+4}
   (You found it on level 9 of the Dungeon)

   [ring of protection from cold]

   Int+4:     It affects your intelligence (+4).
   rC+:       It protects you from cold.
 S - the ring "Laocont" (left hand) {rPois rCorr Str+5 SInv}
   (You took it off a meliai on level 13 of the Dungeon)

   [ring of resist corrosion]

   Str+5:     It affects your strength (+5).
   rPois:     It protects you from poison.
   SInv:      It lets you see invisible.
   rCorr:     It protects you from acid and corrosion.
 T - a ring of protection from fire
 X - a ring of flight
 Z - the ring of Uvast (right hand) {Will+++ Str+3 Int+6}
   (You found it on level 5 of the Lair of Beasts)

   [ring of intelligence]

   Str+3:     It affects your strength (+3).
   Int+6:     It affects your intelligence (+6).
   Will+++:   It greatly increases your willpower.
Wands
 f - a wand of mindburst (10)
 m - a wand of charming (27)
 A - a wand of flame (36)
 H - a wand of iceblast (10)
 N - a wand of acid (7)
Scrolls
 h - 8 scrolls of teleportation
 p - 5 scrolls of enchant weapon
 q - 3 scrolls of brand weapon
 s - a scroll of identify {@r1}
 t - 3 scrolls of poison
 w - a scroll of fear
 y - 2 scrolls of revelation
 z - 3 scrolls of torment
 D - 4 scrolls of vulnerability
 F - a scroll of butterflies
 G - 5 scrolls of fog
 V - a scroll of immolation
Potions
 c - 2 potions of curing {@q1}
 g - 3 potions of berserk rage {!q}
 i - 5 potions of mutation
 j - 8 potions of attraction
 n - 6 potions of might
 o - 3 potions of brilliance
 r - 2 potions of magic
 x - 5 potions of lignification
 B - a potion of heal wounds
 C - 2 potions of resistance
 L - 4 potions of enlightenment
 Q - a potion of haste
 U - 3 potions of ambrosia
Miscellaneous
 k - a box of beasts
 I - a phantom mirror


   Skills:
 - Level 12.0 Fighting
 - Level 4.0 Armour
 - Level 4.0 Dodging
 - Level 1.4 Stealth
 + Level 10.3 Spellcasting
 + Level 14.5 Summonings
 - Level 4.0 Necromancy
 - Level 4.0 Translocations
 - Level 8.0 Fire Magic
 - Level 6.0 Air Magic
 - Level 6.0 Alchemy
 - Level 10.0 Invocations
 + Level 7.1 Evocations


You had 5 spell levels left.
You knew the following spells:

 Your Spells              Type           Power      Damage    Failure   Level
a - Summon Forest         Summ/Tloc      30%        N/A       2%          5
b - Summon Mana Viper     Hex/Summ       53%        N/A       5%          5
c - Summon Cactus Giant   Summ           38%        N/A       1%          6
d - Summon Lightning Spi  Summ/Air       64%        N/A       1%          4
e - Sticky Flame          Fire/Alch      52%        2d9       2%          4
f - Martyr's Knell        Necr/Summ      60%        N/A       1%          4
g - Summon Small Mammal   Summ           100%       N/A       0%          1

Your spell library contained the following spells:

 Spells                   Type           Power      Damage    Failure   Level
 Call Imp                 Summ           100%       N/A       0%          2
 Kiss of Death            Conj/Necr      100%       2d13      1%          1
 Cigotuvi's Dreadful Rot  Necr/Alch/Air  88%        N/A       1%          2
 Mercury Vapours          Alch/Air       96%        N/A       1%          2
 Call Canine Familiar     Summ           77%        N/A       1%          3
 Summon Ice Beast         Ice/Summ       53%        N/A       1%          3
 Animate Armour           Summ/Erth      100%       N/A       1%          4
 Summon Blazeheart Golem  Fire/Summ      67%        N/A       1%          4
 Inner Flame              Hex/Fire       36%        N/A       2%          3
 Mephitic Cloud           Conj/Alch/Air  36%        N/A       2%          3
 Ignite Poison            Fire/Alch      52%        N/A       2%          4
 Olgreb's Toxic Radiance  Alch           48%        N/A       3%          4
 Animate Dead             Necr           36%        N/A       8%          4
 Dispel Undead            Necr           36%        3d15      8%          4
 Passage of Golubria      Tloc           36%        N/A       8%          4
 Confusing Touch          Hex            14%        N/A       12%         3
 Frozen Ramparts          Ice            28%        1d5       12%         3
 Ozocubu's Armour         Ice            14%        N/A       12%         3
 Sigil of Binding         Hex            14%        N/A       12%         3
 Stone Arrow              Conj/Erth      28%        3d8       12%         3
 Curse of Agony           Necr           36%        N/A       22%         5
 Arcjolt                  Conj/Air       15%        1d25      32%         5
 Silence                  Hex/Air        15%        N/A       32%         5
 Freezing Cloud           Conj/Ice/Air   12%        6-21      43%         5
 Metabolic Englaciation   Hex/Ice        7%         N/A       73%         5
 Monstrous Menagerie      Summ           38%        N/A       9%          7
 Summon Horrible Things   Summ           38%        N/A       56%         8
 Malign Gateway           Summ/Tloc      30%        N/A       58%         7
 Death Channel            Necr           18%        N/A       75%         6
 Spellforged Servitor     Conj/Summ      26%        N/A       86%         7
 Sculpt Simulacrum        Ice/Alch       15%        N/A       87%         6
 Ozocubu's Refrigeration  Ice            7%         4d9       100%        7
 Discord                  Hex            7%         N/A       100%        8
 Disjunction              Tloc           18%        N/A       100%        8
 Ignition                 Fire           28%        3d9       100%        8
 Lehudib's Crystal Spear  Conj/Erth      7%         10d3      100%        8
 Dragon's Call            Summ           38%        N/A       100%        9
 Shatter                  Erth           7%         3d9*      100%        9


Dungeon Overview and Level Annotations

Branches:
Dungeon (14/15) Zot: 26795  Temple (1/1) D:4 Zot: 5991    Lair (5/5) D:8 Zot: 22197
 Shoals (0/4) Lair:3       Spider (0/4) Lair:2        Slime (0/5) Lair:4
    Orc (2/2) D:12 Zot: 10705   IceCv (visited)         Volcano (visited)
    Elf: Orc:2       Vaults: D:13-14

Altars:
Ashenzari
Cheibriados
Dithmenos
Elyvilon
Fedhas
Gozag
Hepliaklqana
Kikubaaqudgha
Makhleb
Nemelex Xobeh
Okawaru
Qazlal
Ru
Sif Muna
Trog
Uskayaw
Vehumet
Wu Jian
Xom
Yredelemnul
Zin
The Shining One
Beogh

Shops:
D:5 ??   D:6 !   D:9 *   Orc:1 *

Annotations:
D:10 4 exclusions
Orc:1 4 transporters


Innate Abilities, Weirdness & Mutations

Your spellcasting is much less encumbered by armour.
You can use scrolls of enchantment on lesser artefacts.


Message History

The orc priest is waved at by a branch.
Branches wave dangerously above you.
The orc knight is hit by a branch!
A root smacks the orc warrior from below!
A root lunges up near the orc priest.
The orc knight misses you. The orc knight misses your dryad.
The orc warrior hits you from afar with a +0 trident!
The orc warrior hits you with a +2 long sword of holy wrath!
* * * LOW HITPOINT WARNING * * *
The orc warrior is struck by your cactus giant's spines.
The orc warrior dies!
Sif Muna accepts your kill.
Your dryad hits the orc warrior but does no damage.
The orc warrior hits you from afar with a +0 trident!
* * * LOW HITPOINT WARNING * * *
The orc knight hits you with a +1 battleaxe!!
* * * LOW HITPOINT WARNING * * *
The orc knight closely misses your dryad.
The orc knight hits your cactus giant with a +1 battleaxe!!
As you read the scroll of fear, it crumbles to dust.
You assume a fearsome visage.
The orc warrior looks frightened!
The orc knight looks frightened!
The orc priest looks frightened!
The orc warrior looks frightened! x2
The attack snaps the orc knight out of its fear.
A tree reaches out and hits the orc knight!
The attack snaps the orc priest out of its fear.
The orc priest shouts!
A root smacks the orc priest from below!
An orc warrior comes into view.
It is wielding a +0 scimitar of holy wrath.
The orc priest calls down the wrath of Beogh upon you.
Beogh smites you!
* * * LOW HITPOINT WARNING * * *
Your lightning spire shoots out a bolt of lightning at the orc warrior!
The bolt of electricity hits the orc warrior!
Your lightning spire's attack snaps the orc warrior out of its fear.
Your cactus giant hits the orc warrior with a +0 giant spiked club.
Your dryad calls out to the forest.
Vines fly forth from the trees!
The orc knight hits you with a +1 battleaxe!!
You die...

....#
#.)#)))#..# ###
.#
##...))))..## #
♣...♣...♣...♣ #
♣♣...........##
#
#....#...#....#
#####
#..........♣..#
....##
♣..^.#♣..♣....#
.....##
♣.............#
......#
♣....♣R@I#....#
....###
#♣w...o......♣#
..###
#...#Coo#...#
..#
##...)~....##
### #..♣)≈≈#..#
# ♣#.~o~≈~.♣# #
♣♣#)#o##♣
#w..o. ##.#.##


You could see an orc knight (strong), 4 orc warriors, an orc priest (strong), a
friendly lightning spire (summoned), a friendly dryad (summoned), a friendly
cactus giant (summoned) and 2 friendly snaplasher vines.

Vanquished Creatures
  A fire dragon (Volcano)
  Harold (D:11)
  A hydra (Lair:5)
  An ice dragon (IceCv)
  3 death yaks (Lair:3)
  3 two-headed ogres
  A deep elf pyromancer (D:9)
  A cyclops (D:11)
  2 centaur zombies (D:10)
  4 elephants
  A gargoyle (D:12)
  5 cane toads
  A kobold demonologist (D:11)
  2 ice statues (IceCv)
  A nameless horror (Lair:5)
  3 komodo dragons
  3 unseen horrors
  3 rime drakes (IceCv)
  A wind drake (Lair:3)
  A hornet (D:9)
  Sigmund (D:5)
  A shadow (D:12)
  17 yaks
  2 wyverns
  A basilisk (Lair:4)
  2 vampires
  A steam dragon (Volcano)
  An acid dragon (D:9)
  A water moccasin (D:6)
  3 orc warriors
  2 black bears
  4 centaurs
  A wolf (Lair:1)
  3 kobold brigands
  A bullfrog (Lair:2)
  A gnoll sergeant (D:10)
  3 lindwurm simulacra (IceCv)
  3 killer bees (D:9)
  2 electric eels
  2 howler monkeys (D:8)
  5 komodo dragon simulacra (IceCv)
  2 orc priests
  6 orc wizards
  3 iguanas
  A hell rat (Lair:4)
  2 polar bear simulacra (Lair:2)
  A wolf simulacrum (Lair:2)
  2 gnolls (D:10)
  3 acid dragon simulacra (IceCv)
  An adder (D:6)
  2 river rats (Lair:3)
  A white imp (D:11)
  5 orcs
  An endoplasm (D:1)
  4 goblins
  2 hobgoblins
  3 jackals
  2 quokkas
  2 kobolds
  4 rats
  A river rat simulacrum (Lair:2)
144 creatures vanquished.

Vanquished Creatures (collateral kills)
  An orc warlord (Orc:1)
  The ghost of Haresteo the Grappler, a journeyman TrSh of Sif Muna (D:13)
  An ettin (Orc:1)
  A fire dragon (Lair:5)
  A hydra (Lair:4)
  Erolcha (D:12)
  6 death yaks
  A centaur warrior (D:13)
  6 two-headed ogres
  The ghost of tls9540 the Carver, a novice CoGl of Okawaru (D:9)
  An orc high priest (Orc:2)
  A lindwurm (Lair:5)
  A necromancer (Lair:2)
  4 orc knights (Orc:2)
  3 salamanders (Volcano)
  3 ugly things
  2 manticores
  2 orc sorcerers
  17 elephants
  3 meliai (D:13)
  11 black mambas
  Maggie (D:7)
  3 molten gargoyles (Lair:5)
  10 cane toads
  4 rime drakes
  17 komodo dragons
  6 trolls
  6 polar bears
  A hornet (D:13)
  A raiju (shapeshifter) (D:13)
  15 blink frogs
  A jumping spider (Lair:2)
  2 culicivoras (Lair:2)
  6 wyverns
  2 spriggans (D:13)
  3 wraiths
  3 fire bats (Volcano)
  39 yaks
  11 basilisks
  A redback (Lair:2)
  A warg (Orc:1)
  5 steam dragons
  Menkaure (D:7)
  An acid dragon (D:13)
  4 hell hounds (Lair:5)
  6 water moccasins
  A sky beast (D:6)
  A black bear (D:8)
  10 ogres
  24 orc warriors
  2 ice beasts
  4 wolves (Lair:1)
  3 laughing skulls
  A boggart (D:13)
  A phantom (D:5)
  6 centaurs
  2 kobold brigands
  4 bullfrogs
  4 scorpions
  3 gnoll sergeants (D:9)
  A wight (D:9)
  4 killer bees (D:9)
  2 nameless horrors
  An electric eel (Lair:2)
  4 howler monkeys
  2 bombardier beetles
  6 lava snakes
  3 komodo dragon simulacra (IceCv)
  3 hounds (D:5)
  35 orc priests
  Crazy Yiuf (D:6)
  2 sleepcaps
  6 iguanas
  13 orc wizards
  12 hell rats
  3 yak simulacra (Lair:2)
  2 wolf simulacra (Lair:2)
  Robin (D:4)
  9 gnolls
  An acid dragon simulacrum (IceCv)
  4 adders
  13 river rats
  2 shadow imps
  11 white imps (D:11)
  4 ufetubi
  6 steam dragon simulacra (IceCv)
  A ribbon worm (D:3)
  2 dart slugs (D:3)
  81 orcs
  5 ball pythons
  A bat (D:1)
  10 endoplasms
  3 giant cockroaches
  12 goblins
  11 hobgoblins
  10 jackals
  10 quokkas
  3 frilled lizards (D:1)
  20 kobolds
  15 rats
  2 river rat simulacra (Lair:2)
621 creatures vanquished.

Vanquished Creatures (others)
  A boulder beetle (D:13)
  57 blazeheart cores
  11 snaplasher vines
69 creatures vanquished.

Grand Total: 834 creatures vanquished

Notes
Turn   | Place    | Note
-------+----------+-------------------------------------------
     0 | D:1      | Dwayden the Mountain Dwarf Summoner began the quest for the
                  | Orb.
     0 | D:1      | Reached XP level 1. HP: 14/14 MP: 3/3
   207 | D:1      | Reached XP level 2. HP: 20/20 MP: 0/5
   210 | D:1      | Learned a level 2 spell: Call Imp
   641 | D:1      | Reached XP level 3. HP: 26/26 MP: 2/6
   813 | D:1      | Found a faded altar of an unknown god.
  1068 | D:1      | Learned a level 3 spell: Call Canine Familiar
  1178 | D:2      | Reached skill level 5 in Summonings
  1335 | D:2      | Reached XP level 4. HP: 29/33 MP: 3/7
  2199 | D:3      | Noticed a scorpion
  2219 | D:3      | Killed a scorpion
  2220 | D:3      | Reached skill level 6 in Summonings
  2220 | D:3      | Reached XP level 5. HP: 38/38 MP: 1/9
  2402 | D:3      | Learned a level 4 spell: Summon Blazeheart Golem
  3165 | D:3      | Reached skill level 1 in Fighting
  3165 | D:3      | Reached skill level 1 in Fire Magic
  3280 | D:3      | Found a blossoming altar of Fedhas.
  3442 | D:4      | Reached XP level 6. HP: 47/47 MP: 2/10
  4170 | D:4      | Noticed Robin
  4455 | D:4      | Killed Robin
  4527 | D:4      | Found a staircase to the Ecumenical Temple.
  4533 | Temple   | Entered the Ecumenical Temple
  4538 | Temple   | Became a worshipper of Sif Muna the Loreminder
  4849 | D:5      | Entered Level 5 of the Dungeon
  4849 | D:5      | Noticed an ice beast
  4854 | D:5      | Killed an ice beast
  5196 | D:5      | Reached XP level 7. HP: 43/55 MP: 1/11
  5211 | D:5      | Reached skill level 7 in Summonings
  5293 | D:5      | Found The Oracle's Delphic Readings.
  5301 | D:5      | Bought a scroll of vulnerability for 44 gold pieces
  5301 | D:5      | Bought a scroll of identify for 22 gold pieces
  5301 | D:5      | Bought a scroll of enchant armour for 82 gold pieces
  5301 | D:5      | Bought a scroll of fog for 44 gold pieces
  5434 | D:5      | Reached skill level 5 in Fire Magic
  5730 | D:5      | Noticed Sigmund
  5740 | D:5      | Killed Sigmund
  5741 | D:5      | Reached XP level 8. HP: 55/63 MP: 7/12
  5834 | D:5      | Found Maohoat's Magic Scroll Boutique.
  5845 | D:5      | Bought a scroll of identify for 22 gold pieces
  5845 | D:5      | Bought a scroll of identify for 22 gold pieces
  5894 | D:5      | Identified the +5 long sword of Corruption {heavy, Int+4
                  | Dex+3}
  5951 | D:5      | Upgraded the game from 0.32-a0-704-g0ab5258 to
                  | 0.32-a0-705-g60f2335
  6167 | D:6      | Reached skill level 8 in Summonings
  6167 | D:6      | Reached skill level 1 in Air Magic
  6485 | D:6      | Found Jate's Distillery.
  6511 | D:6      | Reached * piety under Sif Muna
  6512 | D:6      | Reached skill level 1 in Evocations
  7233 | D:6      | Learned a level 4 spell: Summon Lightning Spire
  7337 | D:6      | Found a runed translucent door.
  7338 | D:6      | Noticed Crazy Yiuf
  7348 | D:6      | Killed Crazy Yiuf
  7458 | D:6      | Bought a potion of curing for 33 gold pieces
  7468 | D:7      | Reached XP level 9. HP: 55/70 MP: 6/15
  7662 | D:7      | Found an ancient bone altar of Kikubaaqudgha.
  7809 | D:7      | Noticed Menkaure
  7829 | D:7      | Killed Menkaure
  8195 | D:7      | Noticed Maggie
  8425 | D:8      | Reached ** piety under Sif Muna
  8453 | D:8      | Reached skill level 5 in Air Magic
  9159 | D:8      | Found a staircase to the Lair.
  9215 | D:8      | Identified the +8 long sword of a wizard's laboratory
                  | {freeze, SInv}
  9265 | D:8      | Found a snail-covered altar of Cheibriados.
  9627 | D:8      | Noticed a two-headed ogre
  9637 | D:8      | Killed a two-headed ogre
  9638 | D:8      | Reached skill level 5 in Fighting
  9638 | D:8      | Reached skill level 5 in Evocations
  9638 | D:8      | Reached XP level 10. HP: 81/81 MP: 5/16
 10246 | D:9      | Paralysed by a hornet for 3 turns
 10627 | D:9      | Found Entim's Assorted Antiques.
 10725 | D:9      | Found a transporter.
 10729 | D:9      | Found a transporter.
 10730 | D:9      | Noticed a two-headed ogre
 10735 | D:9      | Noticed tls9540's ghost (novice CoGl)
 10753 | D:9      | Noticed a green ugly thing
 10905 | D:9      | Noticed a deep elf pyromancer
 10916 | D:9      | Killed a deep elf pyromancer
 10917 | D:9      | Reached skill level 5 in Spellcasting
 11012 | D:9      | Learned a level 4 spell: Sticky Flame
 11544 | D:9      | Reached *** piety under Sif Muna
 11946 | D:9      | Noticed a two-headed ogre
 11951 | D:9      | Killed a two-headed ogre
 12038 | D:9      | Identified the ring "Iwoawyst" {rC+ Int+4}
 12456 | D:9      | Bought a twisted bone amulet for 165 gold pieces
 12456 | D:9      | Bought a scroll labelled VOISOLL PESEM for 33 gold pieces
 12532 | D:10     | Entered Level 10 of the Dungeon
 12541 | D:10     | Reached XP level 11. HP: 86/94 MP: 13/18
 12581 | D:10     | Found a shimmering altar of Xom.
 12882 | D:10     | Found a basalt altar of Yredelemnul.
 13075 | D:10     | HP: 4/97 [poisoned by an orc]
 13888 | D:10     | You fall into a shaft and drop 3 floors!
 13983 | D:13     | Noticed a boulder beetle
 13984 | D:13     | Noticed a centaur warrior
 13992 | D:13     | Noticed a green ugly thing
 14004 | D:13     | Killed a centaur warrior
 14005 | D:13     | Reached skill level 1 in Armour
 14124 | D:13     | Found a runed translucent door.
 14125 | D:13     | Noticed Haresteo's ghost (journeyman TrSh)
 14126 | D:13     | Identified the +5 spear of Weegeol {freeze, rElec rF+
                  | Str+3}
 14126 | D:13     | Noticed a spriggan rider
 14190 | D:13     | Killed a green ugly thing
 14354 | D:12     | Noticed a red ugly thing
 14388 | D:12     | Noticed a two-headed ogre
 14391 | D:12     | Killed a two-headed ogre
 14391 | D:12     | Reached **** piety under Sif Muna
 14392 | D:12     | Reached skill level 10 in Fighting
 14762 | D:12     | Reached skill level 5 in Alchemy
 15764 | D:11     | Found a frozen archway.
 15787 | IceCv    | Entered an ice cave
 15972 | IceCv    | Reached ***** piety under Sif Muna
 16625 | IceCv    | Reached XP level 12. HP: 92/106 MP: 11/21
 16692 | IceCv    | Noticed an ice dragon
 16702 | IceCv    | Killed an ice dragon
 16703 | IceCv    | Reached skill level 9 in Summonings
 16761 | IceCv    | Identified the ring "Jorusabue" {Ice Dex+5}
 16931 | D:11     | Noticed Harold
 16952 | D:11     | Killed Harold
 17661 | D:11     | Noticed a two-headed ogre
 17671 | D:11     | Killed a two-headed ogre
 17767 | D:11     | Received a gift from Sif Muna
 17770 | D:11     | Got Sif Muna's Compilation of the Thirteen Coins {god gift}
 17912 | D:6      | Bought a potion of ambrosia for 88 gold pieces
 17912 | D:6      | Bought a potion of resistance for 110 gold pieces
 17912 | D:6      | Bought a potion of might for 44 gold pieces
 17912 | D:6      | Bought a potion of lignification for 33 gold pieces
 17912 | D:6      | Bought a potion of ambrosia for 88 gold pieces
 17912 | D:6      | Bought a potion of lignification for 33 gold pieces
 18385 | Lair:1   | Entered Level 1 of the Lair of Beasts
 18406 | Lair:1   | Reached skill level 10 in Summonings
 18413 | Lair:1   | Reached skill level 1 in Invocations
 19447 | Lair:2   | Found a dark tunnel.
 19454 | Volcano  | Entered a volcano
 19456 | Volcano  | Noticed a two-headed ogre
 19476 | Volcano  | Killed a two-headed ogre
 19570 | Volcano  | Learned a level 6 spell: Summon Cactus Giant
 19843 | Volcano  | Reached skill level 5 in Invocations
 19965 | Volcano  | Noticed a two-headed ogre
 19978 | Volcano  | Killed a two-headed ogre
 19979 | Volcano  | Reached skill level 11 in Summonings
 20095 | Volcano  | Reached XP level 13. HP: 113/113 MP: 23/23
 20183 | Volcano  | Noticed a fire dragon
 20190 | Volcano  | Killed a fire dragon
 20798 | Lair:2   | Found a hole to the Spider Nest.
 21366 | Lair:2   | Identified the +8 war axe of Integrity {freeze, rPois rN+
                  | Str-5}
 21377 | Lair:2   | Received a gift from Sif Muna
 21543 | Lair:2   | Got Sif Muna's Opusculum on Bewitchment and Power {god
                  | gift}
 21892 | Lair:3   | Reached skill level 12 in Summonings
 21912 | Lair:3   | Reached skill level 10 in Invocations
 22297 | Lair:3   | Found a staircase to the Shoals.
 22688 | Lair:3   | Identified the ring of the Moon {rF- Str+3 SInv Stlth+}
 23265 | Lair:4   | Received a gift from Sif Muna
 23882 | Lair:4   | Learned a level 5 spell: Summon Forest
 23906 | Lair:4   | Reached XP level 14. HP: 124/124 MP: 20/26
 23907 | Lair:4   | Reached skill level 1 in Translocations
 24133 | Lair:4   | Found a staircase to the Slime Pits.
 24356 | Lair:4   | Got Pone's Folio of Flinty Mortification
 24472 | Lair:5   | Entered Level 5 of the Lair of Beasts
 24483 | Lair:5   | Reached skill level 13 in Summonings
 24639 | Lair:5   | Received a gift from Sif Muna
 24642 | Lair:5   | Got Ruleloll's Information on the Boggart {god gift}
 24928 | Lair:5   | Learned a level 4 spell: Martyr's Knell
 25679 | Lair:5   | Reached skill level 1 in Necromancy
 25785 | Lair:5   | Identified the ring of Uvast {Will+++ Str+3 Int+6}
 26261 | Lair:5   | Found a large runed translucent door.
 26262 | Lair:5   | Found a large runed translucent door.
 27011 | D:9      | Killed tls9540's ghost
 27151 | D:9      | Learned a level 5 spell: Summon Mana Viper
 27442 | D:8      | Found a staircase to the Lair.
 27563 | D:8      | Found a snail-covered altar of Cheibriados.
 27885 | D:7      | Killed Maggie
 28130 | D:13     | Received a gift from Sif Muna
 28130 | D:13     | Identified the ring "Laocont" {rPois rCorr Str+5 SInv}
 28140 | D:13     | Got Sif Muna's Octavo of the Union and Relocation {god
                  | gift}
 28574 | D:12     | Reached XP level 15. HP: 132/132 MP: 18/28
 28697 | D:12     | Noticed Erolcha
 28701 | D:12     | Killed Erolcha
 28872 | D:12     | Found a staircase to the Orcish Mines.
 29181 | D:13     | Reached skill level 10 in Spellcasting
 29181 | D:13     | Reached skill level 14 in Summonings
 29190 | D:13     | Killed Haresteo's ghost
 29206 | D:13     | Identified a scroll of acquirement
 29224 | D:13     | Acquired the +1 pair of boots "Raod" {rC+ Will+ Int-3
                  | Stlth+}
 29327 | Orc:1    | Entered Level 1 of the Orcish Mines
 29509 | Orc:1    | Found Ugeufy's Assorted Antiques.
 29778 | Orc:1    | Found a roughly hewn altar of Beogh.
 29797 | Orc:1    | Found a transporter.
 29802 | Orc:1    | Found an ornate altar of the Wu Jian Council.
 29960 | Orc:1    | Found an ornate altar of the Wu Jian Council.
 29960 | Orc:1    | Found a transporter.
 29974 | Orc:1    | Found a transporter.
 29981 | Orc:1    | Found a transporter.
 30167 | Orc:2    | Entered Level 2 of the Orcish Mines
 30239 | Orc:2    | Found a roughly hewn altar of Beogh.
 30592 | Orc:2    | Received a gift from Sif Muna
 30620 | Orc:2    | HP: 4/132 [orc priest/divine providence (12)]
 30620 | Orc:2    | Demolished by an orc knight

Illustrated notes

Levels and vault maps discovered:
D:1:      dpeg_arrival_fog, layout_basic, hellmonk_ecumenical_altar_heavens_door
D:2:      layout_rooms
D:3:      layout_loops_ring, fedhas_altar_4, chequers_serial_rivers_room_b
D:4:      layout_loops_corners, minmay_temple_entry_fiery, uniq_robin
D:5:      layout_rooms, serial_shops, shop, nicolae_nh_oracle_at_delphi,
          uniq_sigmund
D:6:      layout_loops_ring, serial_shops, nicolae_shop_industrial_runoff,
          nicolae_figureground_pulse, uniq_crazy_yiuf_cottage
D:7:      layout_rooms, mainiacjoe_overflow_paths, nicolae_eternal_life,
          uniq_maggie, uniq_menkaure
D:8:      layout_basic, slow_altar_2, david_lair_generic
D:9:      layout_basic, nzn_ghost_randoct, nicolae_inconvenience_store,
          grunt_decor_clamped, minmay_joined_circles
D:10:     layout_roguey, marbit_many_paths, lemuel_zombie_altar_yredelemnul,
          enter_bailey_3
D:11:     layout_cave_pods, portal_ice_cave_entry_imps, minmay_misc_feat_square,
          uniq_harold
D:12:     layout_basic, hiddenorc1_lemuel, uniq_erolcha
D:13:     layout_cave_pools, ebering_ghost_funeral_grove
D:14:     minmay_weird_star, layout_long_grid, grunt_vaults_entry_fortified,
          nzn_wu_jian_council_hall
Temple:   sentei_temple_godly_chess
Lair:1:   layout_cellular_growth, serial_bayou_shore_a, lemuel_fruit_tree
Lair:2:   layout_gridlike, nicolae_spider_entry_tight_spaces,
          nicolae_volcano_entry_two_sided, eino_house_with_fridge
Lair:3:   lemuel_ratsnest, layout_chaotic_city, minmay_shoals_entry_beasts
Lair:4:   beast_lair_carwin_large_3, layout_loops_ring,
          dpeg_slime_entry_enclosed, kennysheep_abandoned_house
Lair:5:   cheibrodos_lair_end_hotspot, layout_regular_city,
          infiniplex_staircase_pool
Orc:1:    dreamdust_wu_jian_sword_trials, layout_caves, serial_shops, shop,
          mines1_david
Orc:2:    st_orc_pillars, layout_diamond_mine, basic_altar

Skill      XL: |  1  2  3  4  5  6  7  8  9 10 11 12 13 14 15 |
---------------+----------------------------------------------+-----
Spellcasting   | 2 3 4 5 6 7 8 9 10 | 10.3
Summonings     | 5 6 7 8 11 12 13 14 | 14.5
Fighting       | 1 2 3 5 8 10 11 12 | 12.0
Fire Magic     | 1 3 5 6 8 |  8.0
Air Magic      | 3 6 |  6.0
Evocations     | 3 5 6 7 |  7.1
Dodging        | 2 3 4 |  4.0
Alchemy        | 4 5 6 |  6.0
Armour         | 4 |  4.0
Invocations    | 6 10 | 10.0
Translocations | 4 |  4.0
Necromancy     | 4 |  4.0
Stealth        | |  1.4

Action                     |  1- 3 |  4- 6 |  7- 9 | 10-12 | 13-15 || total
---------------------------+-------+-------+-------+-------+-------++-------
  Melee: Unarmed           |     8 |       |       |       |       ||     8
         Dagger            |    27 |    24 |       |       |       ||    51
         Falchion          |       |    12 |    12 |       |       ||    24
         Trident           |       |       |    10 |    44 |       ||    54
         Long sword        |       |       |     3 |   102 |    91 ||   196
         Staff             |       |       |    16 |     2 |       ||    18
         Spear             |       |       |       |       |    15 ||    15
  Throw: Boomerang         |       |     1 |     1 |       |       ||     2
         Dart              |       |       |       |     1 |       ||     1
   Cast: Summon Small Mamm |    23 |       |     5 |       |       ||    28
         Call Imp          |    13 |    35 |    17 |     7 |       ||    72
         Call Canine Famil |     3 |    25 |    14 |    24 |     2 ||    68
         Summon Blazeheart |       |     3 |    32 |    70 |    18 ||   123
         Summon Lightning  |       |       |    22 |    89 |    57 ||   168
         Sticky Flame      |       |       |       |    25 |     7 ||    32
         Summon Cactus Gia |       |       |       |    11 |   112 ||   123
         Summon Forest     |       |       |       |       |    39 ||    39
         Martyr's Knell    |       |       |       |       |    29 ||    29
         Summon Mana Viper |       |       |       |       |    17 ||    17
 Invoke: Forget Spell      |       |       |       |       |     2 ||     2
  Evoke: Wand              |       |       |     4 |    12 |     5 ||    21
    Use: Scroll            |       |     7 |     7 |    14 |    12 ||    40
         Potion            |       |       |       |     3 |       ||     3
   Stab: Sleeping          |     1 |     1 |       |       |       ||     2
         Betrayed ally     |       |       |       |     1 |       ||     1
         Distracted        |       |       |       |     3 |       ||     3
 Armour: Robe              |    35 |    19 |    24 |       |       ||    78
         Leather armour    |       |       |    18 |    16 |   286 ||   320
         Acid dragon scale |       |       |       |   254 |       ||   254
         Ring mail         |       |       |       |     2 |       ||     2
  Dodge: Dodged            |    36 |    51 |    59 |   224 |   207 ||   577
  Block: Other             |       |       |     8 |    12 |       ||    20
         Reflection        |       |       |     1 |     3 |       ||     4

Table legend: (Time is in decaauts)
 A = Elapsed time spent in this place.
 B = Non-inter-level travel time spent in this place.
 C = Inter-level travel time spent in this place.
 D = Time resting spent in this place.
 E = Time spent auto-exploring this place.
 F = Levels seen in this place.
 G = Mean time per level.
                   A        B        C        D        E       F      G
               +--------+--------+--------+--------+--------+-----+--------+
         Total |  30836 |  28883 |   1953 |   8686 |  12785 |  24 | 1284.8 |
       Dungeon |  19838 |  18079 |   1759 |   5468 |   8111 |  14 | 1417.0 |
        Temple |      8 |      8 |      0 |      0 |      0 |   1 |    8.0 |
          Lair |   7802 |   7618 |    184 |   1953 |   3844 |   5 | 1560.4 |
  Orcish Mines |   1293 |   1283 |     10 |    359 |    654 |   2 |  646.5 |
      Ice Cave |   1062 |   1062 |      0 |    538 |    113 |   1 | 1062.0 |
       Volcano |    830 |    830 |      0 |    367 |     62 |   1 |  830.0 |
               +--------+--------+--------+--------+--------+-----+--------+

Top non-repeatable levels by time:
     D:9: 3019 daAuts
  Lair:5: 2383 daAuts
     D:8: 2081 daAuts
    D:10: 2068 daAuts
  Lair:3: 1680 daAuts
  Lair:2: 1473 daAuts
     D:6: 1426 daAuts
     D:4: 1425 daAuts
    D:12: 1418 daAuts
     D:3: 1340 daAuts
    D:11: 1310 daAuts
     D:7: 1296 daAuts
     D:1: 1231 daAuts
     D:5: 1215 daAuts
  Lair:4: 1192 daAuts
